 Dungeon Crawl Stone Soup version 0.28.0-43-g3370ac3207 (webtiles) character file.

Game seed: 15250424446189415580

30405 Faeu the Carver (level 13, -2/123 HPs)
             Began as a Minotaur Fighter on Mar 27, 2022.
             Was a Priest of Trog.
             Killed from afar by an electric eel (7 damage)
             ... with a bolt of electricity
             ... on level 5 of the Lair of Beasts.
             The game lasted 01:56:17 (14774 turns).

Faeu the Carver (Minotaur Fighter)                 Turns: 14774, Time: 01:56:17

Health: -2/123     AC: 21    Str: 26    XL:     13   Next: 20%
Magic:  12/12      EV:  7    Int:  5    God:    Trog [***...]
Gold:   476        SH: 12    Dex: 10    Spells: 12/12 levels left

rFire   + . .      SeeInvis .   F - +7 long sword {long}
rCold   x . .      Faith    .   U - +0 kite shield
rNeg    + . .      Spirit   .   Q - +0 plate armour
rPois   .          Reflect  .   (helmet restricted)
rElec   .          Harm     .   (no cloak)
rCorr   .          Rampage  .   S - +2 pair of gloves {infuse}
Will    .....                   E - +0 pair of boots
Stlth   ..........              Z - amulet of regeneration {@e2}
HPRegen 1.10/turn               h - ring of fire
MPRegen 0.13/turn               T - ring of positive energy

@: lethally poisoned (-2 -> -6)
A: horns 2, retaliatory headbutt
a: Renounce Religion, Berserk, Trog's Hand


You were on level 5 of the Lair of Beasts.
You worshipped Trog.
Trog was most pleased with you.
You visited 3 branches of the dungeon, and saw 16 of its levels.
You also visited: Sewer.

You collected 895 gold pieces.
You spent 419 gold pieces at shops.


Innate Abilities, Weirdness & Mutations

You have a pair of horns on your head.
You reflexively headbutt those who attack you in melee.


   Skills:
 + Level 13.9 Fighting
 - Level 14.0 Long Blades
 + Level 13.9 Armour
 + Level 13.9 Shields


You had 12 spell levels left.
You didn't know any spells.
Your spell library contained the following spells:

 Spells                   Type           Power      Damage    Failure   Level
 Freeze                   Ice            0%         1d3       100%        1
 Magic Dart               Conj           0%         1d3       100%        1
 Call Imp                 Summ           0%         N/A       100%        2
 Frozen Ramparts          Ice            0%         1d2       100%        3
 Inner Flame              Hex/Fire       0%         N/A       100%        3
 Mephitic Cloud           Conj/Pois/Air  0%         N/A       100%        3
 Portal Projectile        Hex/Tloc       0%         N/A       100%        3
 Tukima's Dance           Hex            0%         N/A       100%        3
 Cause Fear               Hex            0%         N/A       100%        4
 Hailstorm                Conj/Ice       0%         3d3       100%        4
 Passage of Golubria      Tloc           0%         N/A       100%        4
 Blade Hands              Tmut           0%         N/A       100%        5
 Excruciating Wounds      Necr           0%         N/A       100%        5
 Yara's Violent Unravell  Hex/Tmut       0%         3d3       100%        5
 Discord                  Hex            0%         N/A       100%        8

Inventory:

Hand Weapons
 D - a +2 long sword of flaming {long}
   (You bought it in a shop on level 2 of the Dungeon)
 F - a +7 long sword (weapon) {long}
   (You took it off a wight on level 6 of the Dungeon)
 N - a +4 long sword of freezing {long}
   (You took it off a wight on level 7 of the Dungeon)
 O - a +6 short sword {short}
   (You took it off a wight on level 7 of the Dungeon)
 Y - a +2 arbalest of freezing {crossbow}
   (You found it on level 8 of the Dungeon)
Missiles
 c - 5 atropa-tipped darts {throwing}
 t - 28 poisoned darts {throwing}
 G - 9 boomerangs (quivered) {throwing}
 X - 11 javelins {throwing}
Armour
 C - a scarf of harm
   (You found it on level 5 of the Lair of Beasts)
 E - a +0 pair of boots (worn)
   (You found it on level 6 of the Dungeon)
 Q - a +0 plate armour (worn)
   (You found it on level 7 of the Dungeon)
 R - a +0 leather armour of cold resistance
   (You found it on level 7 of the Dungeon)
 S - a +2 pair of gloves of infusion (worn)
   (You bought it in a shop on level 7 of the Dungeon)
 U - a +0 kite shield (worn)
   (You took it off a gnoll sergeant on level 7 of the Dungeon)
 W - the +1 leather armour of Least Resistance {*Slow rElec Regen+}
   (You found it on level 7 of the Dungeon)

   rElec:     It insulates you from electricity.
   Regen:     It increases your rate of health regeneration.
   *Slow:     It may slow you when you take damage.
Jewellery
 h - a ring of fire (left hand)
   (You found it on level 8 of the Dungeon)
 p - a ring of flight
   (You found it on level 2 of the Dungeon)
 v - an amulet of the acrobat
   (You found it on level 3 of the Dungeon)
 T - a ring of positive energy (right hand)
   (You found it on level 7 of the Dungeon)
 Z - an amulet of regeneration (around neck) {@e2}
   (You found it on level 8 of the Dungeon)
Wands
 a - a wand of digging (5)
   (You found it on level 6 of the Dungeon)
 y - a wand of mindburst (18)
   (You found it on level 4 of the Dungeon)
 P - a wand of charming (12)
   (You found it on level 8 of the Dungeon)
 V - a wand of iceblast (6)
   (You found it on level 7 of the Dungeon)
Scrolls
 b - 4 scrolls of identify {@r1}
 k - 2 scrolls of fog
 m - 5 scrolls of immolation {!r!r}
 n - 2 scrolls of noise {!r}
 q - 2 scrolls of silence {!r}
 r - a scroll of torment {unknown}
 x - a scroll of magic mapping {unknown}
 A - a scroll of brand weapon {unknown}
 B - 3 scrolls of fear
 J - 3 scrolls of amnesia
Potions
 d - a potion of might
 g - 2 potions of mutation {!q}
 i - 6 potions of curing {@q1}
 j - 2 potions of attraction {!q}
 l - 2 potions of lignification {!q}
 o - a potion of flight {unknown}
 s - 3 potions of berserk rage {!q}
 u - 2 potions of haste {@q3}
 w - 2 potions of resistance
 K - 3 potions of cancellation {unknown}
 L - a potion of magic {unknown}
 M - 8 potions of heal wounds {@q2}
Miscellaneous
 f - a piece from Xom's chessboard (15/15)
   (You found it on level 8 of the Dungeon)
 z - a lightning rod (4/4)
   (You found it on level 6 of the Lair of Beasts)

Dungeon Overview and Level Annotations

Branches:
Dungeon (9/15)             Temple (1/1) D:7            Lair (6/6) D:8
  Swamp (0/4) Lair:2        Sewer (visited)
  Snake: Lair:2-4    Spider: Lair:2-4     Slime: Lair:5-6       Orc: D:9-12

Altars:
Dithmenos
Hepliaklqana
Kikubaaqudgha
Nemelex Xobeh
Okawaru
Qazlal
Ru
Sif Muna
Trog
Wu Jian
Xom
Yredelemnul
Zin
The Shining One

Shops:
D:1 :   D:2 (   D:7 *

Annotations:
Lair:5 Nessos

......# ..#..P ##### ##.
.....###..P######.. .#
..#..##............ .##P
.....<...[.>....... .....
...†>.#...#....P#.. ....
.................##...##.
P.P.^..#.P...#.P..#......
###...##.P.....#@....#
#....##...##......♣♣♣
......#..[|....P≈♣≈≈♣
P.....P##..##.♣♣≈≈≈ ≈≈≈P
............≈P♣≈≈≈≈≈ ≈≈≈≈
......P...#≈≈≈≈≈≈≈≈≈≈ S≈≈
..$.......≈≈P≈≈≈≈≈≈≈≈≈ ≈P
.......PP..≈≈P≈≈≈≈≈≈≈♣≈ .
........P<..♣♣♣≈≈.≈..≈..


You could see an electric eel.


Message History

You are encased in ice. 😮 HP[-31]
You take 31 damage, and now have 92/123 hp.
MASSIVE DAMAGE!! (PAUSE)
You miss the rime drake. Your headbutt misses the rime drake.
The rime drake barely misses you.
You slash the rime drake!
You kill the rime drake!
Trog accepts your kill. 😕 HP[+1] MP[-1]
You lost 1 mp, and now have 10/12 mp.
The ice encasing you melts away.
You see here a rime drake corpse. 😕 HP[+2]
You regained 2 hp, and now have 95/123 hp.
B - 3 scrolls of fear (gained 1) 😕 HP[+2] MP[+1]
You regained 2 hp, and now have 97/123 hp.
You see here a rime drake corpse. 😕 HP[+1] 😕 HP[+1]
P - a wand of charming (12) (gained 5 charges) 😕 HP[+2]
You regained 2 hp, and now have 101/123 hp. 😕 HP[+1]
You see here a rime drake corpse. 😕 HP[+2]
You regained 2 hp, and now have 104/123 hp. 😕 HP[+1] MP[+1]
Your mp is fully restored (12). 😕 HP[+1] 😕 HP[+1] 😕 HP[+1] 😕 HP[+1] 😕 HP[+1] 😕 HP[+1] 😕 HP[+1] Nessos wields a +3 longbow of flaming.
It bursts into flame!
Nessos shoots an arrow.
The arrow hits you!
You are poisoned. 😕 HP[-7]
You take 7 damage, and now have 105/123 hp.
You feel very sick.
Nessos shoots an arrow.
The arrow hits you! The arrow burns you.
You are more poisoned. 😮 HP[-17]
You take 17 damage, and now have 88/123 hp.
You feel extremely sick.
Nessos shoots an arrow.
The arrow hits you!! The arrow burns you.
You are more poisoned.
* * * LOW HITPOINT WARNING * * *
😨 HP[-27]
You take 27 damage, and now have 61/123 hp.
MASSIVE DAMAGE!! (PAUSE)
You feel extremely sick.
Nessos casts a spell.
Nessos seems to speed up.
Nessos casts a spell.
Nessos blinks! 😨 HP[-10]
You take 10 damage, and now have 51/123 hp.
You feel extremely sick.
Nessos shoots an arrow.
The arrow hits you!
* * * LOW HITPOINT WARNING * * *
The arrow burns you.
You are more poisoned.
* * * LOW HITPOINT WARNING * * *
Nessos intently looks at you, slowly moving their tail.
Nessos shoots an arrow.
You block the arrow. 😨 HP[-19]
You take 19 damage, and now have 32/123 hp.
As you read the scroll of teleportation {@r4}, it crumbles to dust.
You feel strangely unstable.
* * * LOW HITPOINT WARNING * * *
You feel extremely sick. 😱 HP[-8]
You take 8 damage, and now have 24/123 hp.
* * * LOW HITPOINT WARNING * * *
You feel extremely sick. 😱 HP[-6]
You take 6 damage, and now have 18/123 hp.
* * * LOW HITPOINT WARNING * * *
You feel very sick. 😱 HP[-5]
You take 5 damage, and now have 13/123 hp.
Your surroundings suddenly seem different.
* * * LOW HITPOINT WARNING * * *
You feel very sick.
The electric eel shoots out a bolt of lightning at you!
The bolt of electricity hits you.
* * * LOW HITPOINT WARNING * * *
The bolt of electricity hits the fungus.
The fungus begins to die. 😱 HP[-5]
You take 5 damage, and now have 8/123 hp.
* * * LOW HITPOINT WARNING * * *
You feel very sick.
The electric eel shoots out a bolt of lightning at you!
The bolt of electricity hits you!
You die...

Skill      XL: |  1  2  3  4  5  6  7  8  9 10 11 12 |
---------------+-------------------------------------+-----
Armour         | 4 5 6 8 9 10 12 13 | 13.9
Fighting       | 4 5 6 8 9 10 12 13 | 13.9
Shields        | 4 5 6 8 9 10 12 13 | 13.9
Long Blades    | 3 4 5 6 7 9 10 12 14 | 14.0

Action                   |  1- 3 |  4- 6 |  7- 9 | 10-12 | 13-15 || total
-------------------------+-------+-------+-------+-------+-------++-------
Melee: Long sword        |    70 |   141 |   256 |   579 |   100 ||  1146
       Headbutt          |     7 |    16 |    58 |   118 |    19 ||   218
Throw: Dart              |       |     2 |     6 |    13 |     3 ||    24
       Boomerang         |       |       |       |    33 |     3 ||    36
Invok: Berserk           |       |       |       |     1 |       ||     1
  Use: Scroll            |       |     1 |     4 |    12 |     2 ||    19
       Potion            |       |       |       |     6 |       ||     6
Armor: Scale mail        |    31 |    98 |   101 |       |       ||   230
       Plate armour      |       |       |    12 |   298 |    37 ||   347
       Leather armour    |       |       |       |       |     2 ||     2
       Skin              |       |       |       |       |     1 ||     1
Dodge: Dodged            |    23 |    78 |   110 |   130 |    18 ||   359
Block: Buckler           |     8 |    49 |    56 |    14 |       ||   127
       Kite shield       |       |       |       |   282 |    56 ||   338

Levels and vault maps discovered:
D:1:      amcnicky_arrival_choice, layout_loops_ring,
          hellmonk_ecumenical_altar_crossroads, serial_shops, shop
D:2:      layout_loops_ring, serial_shops, nicolae_shop_bloodbath_and_beyond,
          eino_tiny_chamber, kennysheep_generic_room_6
D:3:      layout_basic, cheibrodos_sewer_entry_drain, uniq_robin, uniq_jessica,
          uniq_terence
D:4:      layout_loops_corners, uniq_grinder
D:5:      minmay_evil_eye, layout_gridville,
          hangedman_abyss_or_decor_lesser_grid
D:6:      layout_basic, hangedman_decor_diamond_cutter, uniq_sigmund,
          uniq_blork_the_orc
D:7:      minmay_the_grid_four_pointed_star
          [minmay_the_grid_triangle_9x9_sparse_checkered,
          minmay_the_grid_triangle_9x9_stretched_checkered,
          minmay_the_grid_triangle_9x9_steps,
          minmay_the_grid_triangle_9x9_wacky_v,
          minmay_the_grid_prize_four_corners], layout_basic,
          minmay_temple_entry_nine_rooms, serial_shops,
          nicolae_shop_hallway_plus, hangedman_decor_lopped,
          kennysheep_generic_room_14
D:8:      layout_rooms, yredelemnul_forgotten_temple_becter, lair_entry_dummy,
          minmay_lindwurm_lava
D:9:      layout_rooms, serial_shops, shop, nicolae_lakefront_shop,
          nicolae_take_the_stairs, nicolae_shop_behind_doors
Temple:   mainiacjoe_temple_circle_huts
Lair:1:   layout_cave_pods, grunt_megastairs_1
Lair:2:   layout_regular_city, swamp_mist, infiniplex_staircase_pool_2
Lair:3:   layout_long_grid, serial_bayou_pond_c
Lair:4:   layout_gridlike, guppyfry_snake_entry_garden, serial_bayou_shore_b
Lair:5:   layout_loops_ring, dpeg_slime_entry_enclosed_altar, serial_bayou,
          serial_bayou_ford_a, serial_bayou_shore_b, serial_bayou_pond_a,
          serial_bayou_shore_a, uniq_nessos
Lair:6:   minmay_lair_end_frog_pond, layout_cave_pods

Notes
Turn   | Place    | Note
-------+----------+-------------------------------------------
     0 | D:1      | Faeu the Minotaur Fighter began the quest for the Orb.
     0 | D:1      | Reached XP level 1. HP: 19/19 MP: 0/0
     0 | D:1      | magus.rc [v1.9.6]
    84 | D:1      | You fall into a shaft and drop 1 floor!
   172 | D:2      | Reached XP level 2. HP: 27/27 MP: 1/1
   343 | D:1      | Found Ekhonel's Book Boutique.
   451 | D:1      | Found a faded altar of an unknown god.
   912 | D:2      | Reached skill level 4 in Armour
   939 | D:2      | Reached skill level 4 in Fighting
   939 | D:2      | Reached skill level 4 in Shields
   978 | D:2      | Found Ixunaf's Weapon Emporium.
   981 | D:2      | Reached skill level 3 in Long Blades
   981 | D:2      | Reached XP level 3. HP: 33/33 MP: 2/2
   982 | D:2      | magus.rc [v1.9.6]
  1018 | D:2      | You pick up a book of Weapons and begin reading...
  1018 | D:2      | You add the spells Portal Projectile, Excruciating Wounds
                  | and Blade Hands to your library.
  1089 | D:2      | You pick up a book of Minor Magic and begin reading...
  1089 | D:2      | You add the spells Magic Dart, Call Imp and Mephitic Cloud
                  | to your library.
  1685 | D:3      | Noticed Jessica
  1695 | D:3      | Killed Jessica
  1696 | D:3      | Reached XP level 4. HP: 41/41 MP: 3/3
  1775 | D:3      | Noticed Terence
  1786 | D:3      | Killed Terence
  1877 | D:3      | Found a glowing drain.
  1896 | Sewer    | Entered a sewer
  1943 | Sewer    | Noticed Pargi
  1959 | Sewer    | Killed Pargi
  1960 | Sewer    | Reached skill level 5 in Fighting
  1960 | Sewer    | Reached skill level 4 in Long Blades
  1960 | Sewer    | Reached XP level 5. HP: 32/48 MP: 4/4
  2345 | D:3      | Noticed a water moccasin
  2359 | D:3      | Killed a water moccasin
  2360 | D:3      | Reached skill level 5 in Armour
  2360 | D:3      | Reached skill level 5 in Shields
  2360 | D:3      | Reached XP level 6. HP: 26/56 MP: 5/5
  2540 | D:3      | Noticed Robin
  2567 | D:3      | Killed Robin
  3214 | D:4      | Reached skill level 5 in Long Blades
  3214 | D:4      | Reached XP level 7. HP: 56/62 MP: 6/6
  3660 | D:4      | Reached skill level 6 in Shields
  3681 | D:4      | Noticed Grinder
  3683 | D:4      | Paralysed by Grinder for 7 turns
  3704 | D:4      | Killed Grinder
  3705 | D:4      | Reached skill level 6 in Fighting
  3705 | D:4      | Reached skill level 6 in Armour
  4142 | D:5      | Entered Level 5 of the Dungeon
  4162 | D:5      | Reached skill level 6 in Long Blades
  4162 | D:5      | Reached XP level 8. HP: 27/71 MP: 7/7
  4523 | D:5      | Reached skill level 7 in Fighting
  4523 | D:5      | Reached skill level 7 in Armour
  4523 | D:5      | Reached skill level 7 in Shields
  4951 | D:5      | Reached skill level 7 in Long Blades
  5440 | D:6      | Reached skill level 8 in Fighting
  5440 | D:6      | Reached skill level 8 in Armour
  5440 | D:6      | Reached skill level 8 in Shields
  5440 | D:6      | Reached XP level 9. HP: 70/81 MP: 8/8
  5580 | D:2      | Bought a +2 long sword of flaming for 183 gold pieces
  5668 | D:6      | Noticed Blork the orc
  5675 | D:6      | Killed Blork the orc
  6264 | D:6      | You pick up a book of Frost and begin reading...
  6264 | D:6      | You add the spells Freeze, Frozen Ramparts and Hailstorm to
                  | your library.
  6289 | D:6      | Reached skill level 8 in Long Blades
  6319 | D:6      | Noticed Sigmund
  6326 | D:6      | Killed Sigmund
  6861 | D:7      | Reached skill level 9 in Fighting
  6865 | D:7      | Reached skill level 9 in Armour
  6865 | D:7      | Reached skill level 9 in Shields
  7282 | D:7      | Found Necie's General Store.
  7289 | D:7      | Bought a +2 pair of gloves of infusion for 236 gold pieces
  7342 | D:7      | Noticed a komodo dragon
  7348 | D:7      | Killed a komodo dragon
  7526 | D:7      | Reached skill level 9 in Long Blades
  7526 | D:7      | Reached XP level 10. HP: 81/91 MP: 1/9
  7639 | D:7      | Noticed a deep elf pyromancer
  7646 | D:7      | Noticed a skeletal warrior
  7662 | D:7      | HP: 17/92 [deep elf pyromancer/bolt of fire (23)]
  7663 | D:7      | Killed a deep elf pyromancer
  7686 | D:7      | HP: 5/93 [wyvern zombie (9)]
  8115 | D:7      | Noticed a green ugly thing
  8128 | D:7      | Killed a green ugly thing
  8129 | D:7      | Reached skill level 10 in Fighting
  8129 | D:7      | Reached skill level 10 in Armour
  8129 | D:7      | Reached skill level 10 in Shields
  8340 | D:7      | Identified the +1 leather armour of Least Resistance {*Slow
                  | rElec Regen+}
  8488 | D:7      | You pick up a book of Hexes and begin reading...
  8488 | D:7      | You add the spells Inner Flame, Cause Fear and Discord to
                  | your library.
  8636 | D:7      | Found a staircase to the Ecumenical Temple.
  8643 | Temple   | Entered the Ecumenical Temple
  8746 | Temple   | Became a worshipper of Trog the Wrathful
  8944 | D:7      | Reached skill level 10 in Long Blades
  9076 | D:8      | Paralysed by a hornet for 3 turns
  9339 | D:8      | Found a staircase to the Lair.
  9566 | D:8      | Reached * piety under Trog
  9575 | D:8      | Noticed a lindwurm
  9621 | D:8      | Noticed a lindwurm
  9627 | D:8      | Noticed a lindwurm
  9810 | D:8      | Noticed a lindwurm
  9817 | D:8      | Killed a lindwurm
  9826 | D:8      | Killed a lindwurm
  9827 | D:8      | Reached XP level 11. HP: 38/101 MP: 0/10
  9832 | D:8      | Killed a lindwurm
  9833 | D:8      | Reached skill level 11 in Fighting
  9833 | D:8      | Reached skill level 11 in Armour
  9833 | D:8      | Reached skill level 11 in Shields
  9833 | D:8      | HP: 16/102 [lindwurm/blast of flame (11)]
 10169 | D:8      | Killed a lindwurm
 10296 | D:8      | Found a basalt altar of Yredelemnul.
 10461 | Lair:1   | Entered Level 1 of the Lair of Beasts
 10553 | Lair:1   | magus.rc [v1.9.6]
 10553 | Lair:1   | Noticed a six-headed hydra
 10569 | Lair:1   | Killed a two-headed hydra
 10570 | Lair:1   | Reached skill level 11 in Long Blades
 10572 | Lair:1   | magus.rc [v1.9.6]
 11008 | Lair:2   | Noticed a five-headed hydra
 11018 | Lair:2   | Killed a two-headed hydra
 11791 | Lair:2   | Reached skill level 12 in Fighting
 11824 | Lair:2   | Reached skill level 12 in Armour
 11824 | Lair:2   | Reached skill level 12 in Shields
 11864 | Lair:2   | Noticed an eight-headed hydra
 11883 | Lair:2   | Killed a three-headed hydra
 11884 | Lair:2   | Reached skill level 12 in Long Blades
 11901 | Lair:2   | Found a staircase to the Swamp.
 12089 | Lair:2   | Noticed a six-headed hydra
 12100 | Lair:2   | Killed a one-headed hydra
 12101 | Lair:2   | Reached XP level 12. HP: 91/112 MP: 4/11
 12109 | Lair:2   | Reached ** piety under Trog
 12127 | Lair:2   | magus.rc [v1.9.6]
 12736 | Lair:3   | You fall into a shaft and drop 3 floors!
 12736 | Lair:6   | Entered Level 6 of the Lair of Beasts
 12793 | Lair:6   | magus.rc [v1.9.6]
 12794 | Lair:6   | magus.rc [v1.9.6]
 12826 | Lair:6   | Reached skill level 13 in Long Blades
 12934 | Lair:6   | magus.rc [v1.9.6]
 12934 | Lair:6   | magus.rc [v1.9.6]
 13079 | Lair:6   | Noticed a seven-headed hydra
 13097 | Lair:6   | Killed a four-headed hydra
 13110 | Lair:6   | Reached skill level 13 in Fighting
 13110 | Lair:6   | Reached skill level 13 in Armour
 13115 | Lair:6   | Reached skill level 13 in Shields
 13229 | Lair:6   | Reached *** piety under Trog
 13230 | Lair:6   | Reached skill level 14 in Long Blades
 13386 | Lair:6   | Noticed a five-headed hydra
 13394 | Lair:6   | Killed a one-headed hydra
 13586 | Lair:6   | Reached XP level 13. HP: 105/122 MP: 0/12
 14290 | Lair:6   | You add the spells Tukima's Dance, Passage of Golubria and
                  | Yara's Violent Unravelling to your library.
 14622 | Lair:5   | Noticed Nessos
 14645 | Lair:5   | HP: 30/123 [poisoned by Nessos]
 14770 | Lair:5   | HP: 24/123 [poisoned by Nessos]
 14773 | Lair:5   | HP: 10/123 [poisoned by Nessos]
 14774 | Lair:5   | Killed from afar by an electric eel

Vanquished Creatures
  6 hydras
  A deep elf pyromancer (D:7)
  4 lindwurms (D:8)
  An ugly thing (D:7)
  3 elephants
  A black mamba (Lair:5)
  13 cane toads
  8 komodo dragons
  2 rime drakes
  2 trolls
  4 tyrant leeches (Lair:6)
  A polar bear (Lair:5)
  A hornet (D:8)
  Grinder (D:4)
  23 blink frogs
  Sigmund (D:6)
  A basilisk (D:7)
  10 yaks
  A wyvern (Lair:3)
  6 vampire mosquitoes
  17 water moccasins
  A hornet zombie (D:7)
  Pargi (Sewer)
  2 black bears
  3 orc warriors
  An ice beast (D:6)
  4 sky beasts
  2 necrophages
  17 wolves
  An ogre (D:6)
  3 centaurs
  2 phantoms
  15 bullfrogs
  A gnoll sergeant (D:7)
  Blork the orc (D:6)
  2 kobold brigands (D:7)
  A wyvern zombie (D:7)
  5 scorpions
  A water moccasin zombie (D:5)
  A water moccasin skeleton (D:4)
  9 wights
  3 howler monkeys
  An electric eel (Lair:6)
  A bullfrog zombie (D:5)
  5 hounds
  A gnoll shaman (D:7)
  2 jellies
  2 bullfrog skeletons
  Terence (D:3)
  Jessica (D:3)
  4 iguanas
  4 orc wizards
  A scorpion zombie (D:5)
  A killer bee zombie (D:8)
  Robin (D:3)
  5 adders
  A shadow imp (D:8)
  An ufetubus (D:5)
  An adder skeleton (D:4)
  3 worms
  2 dart slugs
  12 orcs
  4 endoplasms
  2 giant cockroaches (D:3)
  10 hobgoblins
  3 jackals (D:3)
  5 kobolds
  6 quokkas
  5 ball pythons
  9 bats
  A frilled lizard (D:1)
  16 goblins
  7 rats
  A spectral orc (D:8)
302 creatures vanquished.

Vanquished Creatures (others)
  A jelly (D:7)
  A bush (Lair:6)
  23 fungi
  95 plants
120 creatures vanquished.

Grand Total: 422 creatures vanquished

Table legend:
 A = Non-vault XP
 B = Vault XP
 C = Vault XP percentage of total XP
 D = Non-vault monster count
 E = Vault monster count
 F = Vault count percentage of total count
                 A         B        C        D         E       F
            +---------+---------+-------+---------+---------+-------
      Total |   26838 |   16599 |  38.2 |     208 |      94 |  31.1
            +---------+---------+-------+---------+---------+-------
        D:1 |      11 |       0 |   0.0 |       8 |       0 |   0.0
        D:2 |      56 |       5 |   8.2 |      17 |       1 |   5.6
        D:3 |     190 |     113 |  37.3 |      23 |      16 |  41.0
        D:4 |     494 |     290 |  37.0 |      14 |       2 |  12.5
        D:5 |    1170 |     169 |  12.6 |      15 |       4 |  21.1
        D:6 |     959 |     461 |  32.5 |      15 |       3 |  16.7
        D:7 |    1099 |    3649 |  76.9 |      14 |      21 |  60.0
        D:8 |    1378 |    2569 |  65.1 |      21 |       5 |  19.2
     Lair:1 |    1979 |     965 |  32.8 |      11 |       2 |  15.4
     Lair:2 |    7502 |       0 |   0.0 |      27 |       0 |   0.0
     Lair:3 |    1079 |       0 |   0.0 |       6 |       0 |   0.0
     Lair:5 |    3061 |       0 |   0.0 |      10 |       0 |   0.0
     Lair:6 |    7860 |    8235 |  51.2 |      27 |      32 |  54.2
      Sewer |       0 |     143 | 100.0 |       0 |       8 | 100.0
            +---------+---------+-------+---------+---------+-------

Illustrated notes

Table legend:
 A = Kills in this place as a percentage of kills in entire the game.
 B = Kills by you in this place as a percentage of kills by you in the entire game.
 C = Kills by friends in this place as a percentage of kills by friends in the entire game.
 D = Other kills in this place as a percentage of other kills in the entire game.
 E = Experience gained in this place as a percentage of experience gained in the entire game.
 F = Experience gained in this place divided by the number of levels of this place that you have seen.
                   A       B       C       D       E      F
               +-------+-------+-------+-------+-------+----------------------
         Total | 100.0 | 100.0 |   N/A |   N/A | 100.0 | 2555.1
       Dungeon |  59.3 |  59.3 |   N/A |   N/A |  29.0 | 1401.4
          Lair |  38.1 |  38.1 |   N/A |   N/A |  70.6 | 5113.5
         Sewer |   2.6 |   2.6 |   N/A |   N/A |   0.3 | 143.0
               +-------+-------+-------+-------+-------+----------------------

Table legend: (Time is in decaauts)
 A = Elapsed time spent in this place.
 B = Non-inter-level travel time spent in this place.
 C = Inter-level travel time spent in this place.
 D = Time resting spent in this place.
 E = Time spent auto-exploring this place.
 F = Levels seen in this place.
 G = Mean time per level.
                   A        B        C        D        E       F      G
               +--------+--------+--------+--------+--------+-----+--------+
         Total |  14851 |  14203 |    648 |   2256 |   7068 |  17 |  873.6 |
       Dungeon |  10241 |   9681 |    560 |   1853 |   4990 |   9 | 1137.9 |
        Temple |    114 |    114 |      0 |      0 |     47 |   1 |  114.0 |
          Lair |   4291 |   4204 |     87 |    403 |   1963 |   6 |  715.2 |
         Sewer |    203 |    203 |      0 |      0 |     68 |   1 |  203.0 |
               +--------+--------+--------+--------+--------+-----+--------+

Top non-repeatable levels by time:
     D:7: 1743 daAuts
  Lair:6: 1741 daAuts
     D:6: 1592 daAuts
     D:4: 1592 daAuts
     D:8: 1386 daAuts
  Lair:1: 1120 daAuts
     D:3: 1109 daAuts
     D:2: 1102 daAuts
     D:5: 1049 daAuts
  Lair:2: 917 daAuts
     D:1: 658 daAuts
  Lair:5: 265 daAuts
  Lair:3: 245 daAuts
   Sewer: 203 daAuts
  Temple: 114 daAuts
